 Dungeon Crawl Stone Soup version 0.21.1-1-g345015f (webtiles) character file.

277 inmateoo the Charmwright (level 6, 0/50 HPs)
             Began as a Gnoll Skald on Feb 6, 2018.
             Succumbed to a wight's poison
             ... on level 6 of the Dungeon.
             The game lasted 00:06:38 (4657 turns).

inmateoo the Charmwright (Gnoll Skald)              Turns: 4657, Time: 00:06:39

Health: 0/50       AC: 15    Str: 14    XL:     6   Next: 25%
Magic:  13/13      EV:  5    Int: 17    God:
Gold:   178        SH:  0    Dex: 14    Spells: 4/15 levels left

rFire    . . .     SeeInvis .   m - +1 dagger (flame)
rCold    . . .     Gourm    .   (no shield)
rNeg     + . .     Faith    .   i - +0 plate armour
rPois    .         Spirit   .   u - +0 helmet
rElec    .         Reflect  .   r - +1 cloak
rCorr    .         Harm     .   l - +0 pair of gloves
MR       .....                  (no boots)
Stlth    ..........             (no amulet)
HPRegen  0.16/turn              a - ring of flight
MPRegen  0.13/turn              n - ring of positive energy

@: lethally poisoned (0 -> -44), about to teleport, drained
A: distributed training, fangs 1, strong nose
a: Evoke Flight


You were on level 6 of the Dungeon.
You were very hungry.

You visited 1 branch of the dungeon, and saw 6 of its levels.

You collected 178 gold pieces.

Inventory:

Hand Weapons
 k - a +0 morningstar
 m - a +1 dagger of flaming (weapon)
 s - a +0 trident
Missiles
 v - 4 poisoned javelins (quivered)
Armour
 b - a +0 leather armour
 i - a +0 plate armour (worn)
 l - a +0 pair of gloves (worn)
 r - a +1 cloak (worn)
 u - a +0 helmet (worn)
Jewellery
 a - a ring of flight (left hand)
 n - a ring of positive energy (right hand)
Scrolls
 e - 4 scrolls of identify
 f - a scroll of immolation
 g - 2 scrolls of remove curse
Potions
 h - a potion of flight
 p - a potion of magic
Books
 c - a book of Battle

   Spells                             Type                      Level
   a - Infusion                       Charms                       1
   b - Shroud of Golubria             Charms/Translocation         2
   c - Song of Slaying                Charms                       2
   d - Spectral Weapon                Hexes/Charms                 3
   e - Regeneration                   Charms/Necromancy            3
 t - a book of Maledictions

   Spells                             Type                      Level
   a - Corona                         Hexes                        1
   b - Ensorcelled Hibernation        Hexes/Ice                    2
   c - Confuse                        Hexes                        3
   d - Tukima's Dance                 Hexes                        3
   e - Dazzling Spray                 Conjuration/Hexes            3
Comestibles
 d - 2 rations


   Skills:
 + Level 4.9(4.3) Fighting
 + Level 1.8(1.2) Short Blades
 + Level 1.8(1.2) Long Blades
 + Level 1.8(1.2) Axes
 + Level 1.8(1.2) Maces & Flails
 + Level 4.9(4.3) Polearms
 + Level 1.8(1.2) Staves
 + Level 1.8(1.2) Slings
 + Level 1.8(1.2) Bows
 + Level 1.8(1.2) Crossbows
 + Level 1.8(1.2) Throwing
 + Level 3.1(2.5) Armour
 + Level 4.9(4.3) Dodging
 + Level 1.8(1.2) Stealth
 + Level 1.8(1.2) Shields
 + Level 1.8(1.2) Unarmed Combat
 + Level 5.3(4.6) Spellcasting
 + Level 1.4(0.8) Conjurations
 + Level 1.4(0.8) Hexes
 + Level 5.6(4.9) Charms
 + Level 1.4(0.8) Summonings
 + Level 1.4(0.8) Necromancy
 + Level 1.4(0.8) Translocations
 + Level 1.4(0.8) Transmutations
 + Level 1.4(0.8) Fire Magic
 + Level 1.4(0.8) Ice Magic
 + Level 1.4(0.8) Air Magic
 + Level 1.4(0.8) Earth Magic
 + Level 1.4(0.8) Poison Magic
 + Level 2.0(1.4) Invocations
 + Level 1.8(1.2) Evocations


You had 4 spell levels left.
You knew the following spells:

 Your Spells              Type           Power        Failure   Level  Hunger
a - Infusion              Chrm           ###.         89%         1    None
b - Song of Slaying       Chrm           ###.....     96%         2    ##.....
c - Shroud of Golubria    Chrm/Tloc      ##........   100%        2    ##.....
d - Regeneration          Chrm/Necr      ##........   100%        3    ###....
e - Confuse               Hex            #.......     100%        3    ###....


Dungeon Overview and Level Annotations

Branches:
Dungeon (6/15)
 Temple: D:4-7

Altars:
Ashenzari
Dithmenos
Uskayaw
The Shining One

Annotations:
D:3 Alarkh's ghost, amateur DsNe
D:4 Pawles22's ghost, novice NaTm


Innate Abilities, Weirdness & Mutations

Your experience applies equally to all skills.
You have very sharp teeth.
Your uncanny sense of smell can sniff out nearby items.


Message History

You partially resist.
You feel drained.
You are more poisoned.
Unknown command.
As you read the scroll labeled CIRGHA BIMAO, it crumbles to dust.
You feel strangely unstable.
It was a scroll of teleportation.
* * * LOW HITPOINT WARNING * * *
You feel very sick. The wight barely misses you.
The wight hits you but does no damage. The wight barely misses you.
Okay, then.
Okay, then.
Your plate armour prevents you from hitting the wight.
You bite the wight, but do no damage.
* * * LOW HITPOINT WARNING * * *
You feel very sick.
The wight hits you but does no damage. x2
Unknown command.
You hit the wight. You burn the wight. You bite the wight, but do no damage.
The wight is lightly damaged.
You die...

........#.#
..#####.#.#(.
.. #.#.#.. .
#.#.#.. ### #
#.#.#.. ..#.#
#.#.##.###.#.#
#.#..........
#.#####.##z#
#.<.....zz@#
#......#####
#....z.#
##......#
#.......#
##.......#
#....###.#
##.###...#
...###.....#


You could see 3 wights.

Vanquished Creatures
  A wyvern skeleton (D:6)
  A howler monkey (D:4)
  An orc priest (D:3)
  A worker ant (D:4)
  A hound skeleton (D:3)
  4 adders
  2 oozes
  An adder skeleton (D:4)
  A worm (D:3)
  2 dart slugs
  7 orcs
  3 giant cockroaches
  10 goblins
  3 hobgoblins
  6 bats
  5 frilled lizards
  8 kobolds
  8 rats
65 creatures vanquished.

Notes
Turn   | Place    | Note
-------+----------+-------------------------------------------
     0 | D:1      | inmateoo the Gnoll Skald began the quest for the Orb.
     0 | D:1      | Reached XP level 1. HP: 20/20 MP: 6/6
   108 | D:1      | Reached XP level 2. HP: 24/26 MP: 7/7
   113 | D:1      | Learned a level 2 spell: Song of Slaying
   117 | D:1      | Learned a level 2 spell: Shroud of Golubria
   730 | D:2      | Found a glowing golden altar of the Shining One.
   820 | D:2      | Reached XP level 3. HP: 27/31 MP: 9/9
   887 | D:2      | Reached skill level 5 in Spellcasting
  1454 | D:2      | Reached skill level 1 in Invocations
  1789 | D:3      | Found a hide-covered altar of Uskayaw.
  1789 | D:3      | Noticed a dagger
  1789 | D:3      | Noticed a dagger
  1845 | D:3      | Reached skill level 1 in Short Blades
  1845 | D:3      | Reached skill level 1 in Long Blades
  1845 | D:3      | Reached skill level 1 in Axes
  1845 | D:3      | Reached skill level 1 in Maces & Flails
  1845 | D:3      | Reached skill level 1 in Staves
  1845 | D:3      | Reached skill level 1 in Slings
  1845 | D:3      | Reached skill level 1 in Bows
  1845 | D:3      | Reached skill level 1 in Crossbows
  1845 | D:3      | Reached skill level 1 in Throwing
  1845 | D:3      | Reached skill level 1 in Stealth
  1845 | D:3      | Reached skill level 1 in Shields
  1845 | D:3      | Reached skill level 1 in Unarmed Combat
  1845 | D:3      | Reached skill level 1 in Evocations
  2009 | D:3      | Noticed Alarkh's ghost (amateur DsNe)
  2049 | D:3      | Reached XP level 4. HP: 38/38 MP: 11/11
  2517 | D:3      | Found a shadowy altar of Dithmenos.
  2700 | D:3      | Reached skill level 1 in Conjurations
  2700 | D:3      | Reached skill level 1 in Hexes
  2700 | D:3      | Reached skill level 1 in Summonings
  2700 | D:3      | Reached skill level 1 in Necromancy
  2700 | D:3      | Reached skill level 1 in Translocations
  2700 | D:3      | Reached skill level 1 in Transmutations
  2700 | D:3      | Reached skill level 1 in Fire Magic
  2700 | D:3      | Reached skill level 1 in Ice Magic
  2700 | D:3      | Reached skill level 1 in Air Magic
  2700 | D:3      | Reached skill level 1 in Earth Magic
  2700 | D:3      | Reached skill level 1 in Poison Magic
  2982 | D:2      | Learned a level 3 spell: Regeneration
  2986 | D:2      | Learned a level 3 spell: Confuse
  3829 | D:3      | Reached XP level 5. HP: 37/43 MP: 12/12
  3950 | D:4      | Noticed Pawles22's ghost (novice NaTm)
  4383 | D:5      | Entered Level 5 of the Dungeon
  4383 | D:5      | Noticed a phantom
  4587 | D:6      | Reached XP level 6. HP: 49/50 MP: 13/13
  4612 | D:6      | Found a shattered altar of Ashenzari.
  4657 | D:6      | Succumbed to a wight's poison

Skill      XL: |  1  2  3  4  5 |
---------------+----------------+-----
Spellcasting   | 5 |  5.3
Invocations    | 1 2 |  2.0
Short Blades   | 1 |  1.8
Long Blades    | 1 |  1.8
Axes           | 1 |  1.8
Maces & Flails | 1 |  1.8
Staves         | 1 |  1.8
Slings         | 1 |  1.8
Bows           | 1 |  1.8
Crossbows      | 1 |  1.8
Throwing       | 1 |  1.8
Stealth        | 1 |  1.8
Shields        | 1 |  1.8
Unarmed Combat | 1 |  1.8
Evocations     | 1 |  1.8
Conjurations   | 1 |  1.4
Hexes          | 1 |  1.4
Summonings     | 1 |  1.4
Necromancy     | 1 |  1.4
Translocations | 1 |  1.4
Transmutations | 1 |  1.4
Fire Magic     | 1 |  1.4
Ice Magic      | 1 |  1.4
Air Magic      | 1 |  1.4
Earth Magic    | 1 |  1.4
Poison Magic   | 1 |  1.4
Armour         | 3 |  3.1
Fighting       | |  4.9
Polearms       | |  4.9
Dodging        | |  4.9
Charms         | |  5.6

Action                   |  1- 3 |  4- 6 || total
-------------------------+-------+-------++-------
Melee: Spear             |   205 |    79 ||   284
       Bite              |    12 |    26 ||    38
       Dagger            |       |    23 ||    23
       Trident           |       |   107 ||   107
       Punch             |       |     1 ||     1
 Cast: Confuse           |       |     4 ||     4
  Use: Potion            |       |     7 ||     7
       Scroll            |       |     4 ||     4
 Stab: Sleeping          |     3 |     1 ||     4
  Eat: Chunk             |     3 |     5 ||     8
       Ration            |       |     1 ||     1
Armor: Leather armour    |     9 |    14 ||    23
       Plate armour      |    83 |   126 ||   209
Dodge: Dodged            |    40 |    59 ||    99
